 Dungeon Crawl Stone Soup version 0.24-a0-157-g36218c0 (webtiles) character file.

Game seed: 6371800918259213704

3789 Dfrag the Arsonist (level 10, 0/112 HPs)
             Began as a Naga Fire Elementalist on Mar 4, 2019.
             Was a Follower of Vehumet.
             Slain by a shadow imp (2 damage)
             ... on level 8 of the Dungeon.
             The game lasted 00:13:51 (9175 turns).

Dfrag the Arsonist (Naga Fire Elementalist)         Turns: 9175, Time: 00:13:52

Health: 0/112      AC: 25    Str: 15    XL:     10   Next: 16%
Magic:  3/21       EV:  1    Int: 20    God:    Vehumet [*.....]
Gold:   417        SH:  0    Dex: 11    Spells: 7/24 levels left

rFire    . . .     SeeInvis +   l - +1 hand axe (venom)
rCold    . . .     Gourm    .   (no shield)
rNeg     + + +     Faith    .   (armour currently unavailable)
rPois    +         Spirit   .   (helmet currently unavailable)
rElec    .         Reflect  .   (cloak currently unavailable)
rCorr    .         Harm     .   (gloves currently unavailable)
MR       +....     NoTele   +   (no barding)
Stlth    ++........             (no amulet)
HPRegen  0.28/turn              (no ring)
MPRegen  0.17/turn              (no ring)

@: mighty, lethally poisoned (0 -> -1), tree-form, very slightly contaminated,
hasted, very quick
A: large, see invisible, slow metabolism 1, spit poison 1, AC +3
a: Spit Poison, Renounce Religion


You were on level 8 of the Dungeon.
You worshipped Vehumet.
Vehumet was aware of your devotion.
You were not hungry.
You were a tree.
You visited 2 branches of the dungeon, and saw 9 of its levels.

You collected 417 gold pieces.

Inventory:

Hand Weapons
 k - a +0 flail
 l - a +1 hand axe of venom (weapon)
Armour
 a - a +0 robe (melded)
 g - a +0 pair of gloves (melded)
 n - a +0 helmet (melded)
 C - a +0 cloak (melded)
Magical Staves
 h - an uncursed staff of earth
Wands
 r - a wand of paralysis (5)
Scrolls
 d - 6 scrolls of identify {unknown}
 e - 5 scrolls of remove curse
 f - 2 scrolls of noise {unknown}
 i - a scroll of enchant armour {unknown}
 j - 4 scrolls of teleportation {unknown}
 p - a scroll of fog {unknown}
 v - a scroll of random uselessness {unknown}
 y - a scroll of magic mapping {unknown}
 B - a scroll of summoning {unknown}
Potions
 m - 3 potions of flight
 o - 2 potions of lignification
 q - a potion of haste
 s - 4 potions of curing {unknown}
 t - 2 potions of degeneration {unknown}
 u - a potion of brilliance {unknown}
 w - a potion of invisibility {unknown}
 x - a potion of heal wounds {unknown}
 z - a potion of agility
Comestibles
 c - 12 rations
 A - a chunk of flesh


   Skills:
 - Level 1.5 Dodging
 - Level 3.0 Stealth
 + Level 7.9 Spellcasting
 + Level 8.3 Conjurations
 + Level 8.8 Fire Magic


You had 7 spell levels left.
You knew the following spells:

 Your Spells              Type           Power        Failure   Level  Hunger
a - Flame Tongue          Conj/Fire      #####        1%          1    None
b - Conjure Flame         Conj/Fire      #####...     1%          3    None
c - Sticky Flame          Conj/Fire      #####...     2%          4    ###....
d - Fireball              Conj/Fire      #####.....   7%          5    #####..
e - Iskenderun's Mystic   Conj           #####...     2%          4    ###....

Your spell library contained the following spells:

 Spells                   Type           Power        Failure   Level  Hunger
 Sting                    Conj/Pois      ###.         1%          1    None
 Magic Dart               Conj           ####         1%          1    None
 Searing Ray              Conj           #####.       1%          2    None
 Throw Flame              Conj/Fire      #####.       1%          2    None
 Dazzling Spray           Conj/Hex       ###...       4%          3    None
 Inner Flame              Hex/Fire       ####....     4%          3    None
 Force Lance              Conj/Tloc      ###.....     16%         4    ###....
 Fulminant Prism          Conj/Hex       ###.......   16%         4    ###....


Dungeon Overview and Level Annotations

Branches:
Dungeon (8/15)             Temple (1/1) D:5            Lair (0/6) D:8

Altars:
Elyvilon
Fedhas
Gozag
Makhleb
Nemelex Xobeh
Okawaru
Qazlal
Ru
Sif Muna
Trog
Uskayaw
Vehumet
Wu Jian
Xom
Yredelemnul
Zin
The Shining One

Shops:
D:4 (


Innate Abilities, Weirdness & Mutations

You cannot wear boots.
((Your serpentine skin is tough. (AC +3)))
You have supernaturally acute eyesight. (SInv)
((Armour fits poorly on your strangely shaped body.))
((Your system is resistant to poisons. (rPois)))
((You cover ground very slowly.))
You have a slow metabolism.
You can spit poison.


Message History

The shadow imp hits you but does no damage.
The orc wizard hits you but does no damage.
It was a potion of flight.
Your roots keep you in place.
You feel sick.
You kill the adder!
Vehumet accepts your kill.
You feel your power returning.
The orc wizard hits you but does no damage.
The shadow imp hits you.
* * * LOW HITPOINT WARNING * * *
It was a potion of might.
You feel very mighty all of a sudden.
The orc wizard points at you and mumbles some strange words.
The puff of flame hits you but does no damage.
The shadow imp hits you but does no damage.
The orc wizard hits you but does no damage.
Unknown command.
It was a potion of haste.
You feel yourself speed up.
The orc wizard casts a cantrip, but nothing happens.
The shadow imp hits you.
You die...

# #. #.# #..#
.###...######
......o5#...##
.......♣)...>##
###......(<)..#
#.........(.#
#...........#
##.......(.##
##...#...##
#########


You could see an orc wizard and a shadow imp.

Vanquished Creatures
  Pikel (D:7)
  Joseph (D:7)
  2 sky beasts
  An ice beast (D:6)
  2 slaves (D:7)
  An orc warrior (D:7)
  A phantom (D:6)
  A black bear (D:7)
  2 ogres
  3 centaurs
  4 big kobolds (D:4)
  2 bullfrogs
  A scorpion (D:4)
  4 howler monkeys
  2 crimson imps (D:5)
  A bullfrog zombie (D:6)
  3 hounds
  A quasit (D:5)
  7 orc priests
  Crazy Yiuf (D:7)
  A jelly (D:6)
  10 orc wizards
  A bullfrog skeleton (D:4)
  An iguana (D:6)
  Natasha (twice) (D:2)
  7 worker ants
  A mummy (D:5)
  Robin (D:3)
  12 adders
  9 gnolls
  2 adder skeletons
  5 worms
  3 dart slugs (D:1)
  5 leopard geckos
  28 orcs
  A ball python (D:3)
  6 giant cockroaches
  27 goblins
  13 hobgoblins
  12 jackals
  54 kobolds
  5 quokkas
  7 bats
  6 frilled lizards
  A hobgoblin zombie (D:5)
  A jackal skeleton (D:4)
  2 kobold zombies (D:5)
  A leopard gecko skeleton (D:5)
  An orc zombie (D:5)
  2 quokka skeletons (D:3)
  4 rats
272 creatures vanquished.

Notes
Turn   | Place    | Note
-------+----------+-------------------------------------------
     0 | D:1      | Dfrag the Naga Fire Elementalist began the quest for the
                  | Orb.
     0 | D:1      | Reached XP level 1. HP: 15/15 MP: 3/3
   149 | D:1      | Reached XP level 2. HP: 20/22 MP: 3/5
   406 | D:1      | Reached XP level 3. HP: 19/28 MP: 6/6
   847 | D:2      | Found a sparkling altar of Nemelex Xobeh.
   881 | D:2      | Noticed Natasha
   891 | D:2      | Killed Natasha
   891 | D:2      | Reached XP level 4. HP: 5/36 MP: 0/8
  1845 | D:2      | Reached XP level 5. HP: 27/42 MP: 6/9
  1856 | D:2      | Learned a level 3 spell: Conjure Flame
  1861 | D:2      | Learned a level 4 spell: Sticky Flame
  1865 | D:2      | Noticed Natasha
  1872 | D:2      | Killed Natasha
  2241 | D:3      | Reached XP level 6. HP: 9/49 MP: 1/11
  2894 | D:3      | Noticed Robin
  2906 | D:3      | Killed Robin
  3183 | D:3      | Reached skill level 5 in Fire Magic
  3557 | D:4      | Reached XP level 7. HP: 28/55 MP: 13/13
  4054 | D:4      | Learned a level 5 spell: Fireball
  4175 | D:4      | Reached XP level 8. HP: 27/62 MP: 7/15
  4186 | D:4      | Reached skill level 5 in Conjurations
  4405 | D:4      | Reached skill level 5 in Spellcasting
  4876 | D:4      | Found Nukegaq's Weapon Boutique.
  5229 | D:5      | Entered Level 5 of the Dungeon
  5337 | D:5      | Found a staircase to the Ecumenical Temple.
  5347 | Temple   | Entered the Ecumenical Temple
  5535 | Temple   | Became a worshipper of Vehumet
  6006 | D:5      | Found a glowing golden altar of the Shining One.
  6607 | D:6      | Reached XP level 9. HP: 45/68 MP: 15/18
  6703 | D:6      | Learned a level 4 spell: Iskenderun's Mystic Blast
  7226 | D:6      | Found a hide-covered altar of Uskayaw.
  7227 | D:6      | Found an iron altar of Okawaru.
  7269 | D:7      | Reached * piety under Vehumet
  7269 | D:7      | Offered knowledge of Sting by Vehumet.
  7316 | D:6      | HP: 3/68 [phantom (5)]
  7499 | D:7      | Noticed Joseph
  8141 | D:7      | Killed Joseph
  8677 | D:7      | Noticed Pikel
  8682 | D:7      | Killed Pikel
  8761 | D:7      | Reached XP level 10. HP: 75/75 MP: 16/21
  8820 | D:7      | Found a blossoming altar of Fedhas.
  8902 | D:7      | Found a burning altar of Makhleb.
  8970 | D:7      | Found a runed translucent door.
  8971 | D:7      | Noticed Crazy Yiuf
  9097 | D:7      | Killed Crazy Yiuf
  9136 | D:8      | Found a staircase to the Lair.
  9170 | D:8      | HP: 5/112 [adder (2)]
  9173 | D:8      | HP: 2/112 [poisoned by an adder]
  9175 | D:8      | Slain by a shadow imp

Levels and vault maps discovered:
D:1:      giann_horns, layout_loops_ring
D:2:      layout_loops_ring, nemelex_xobeh_ov_fountains_minmay, first_ration,
          minmay_strange_pillars, kennysheep_generic_room_6, uniq_natasha
D:3:      kennysheep_goblin_castle, layout_loops_ring
D:4:      minmay_goblin_kobold_castle, layout_rooms, serial_shops, shop
D:5:      layout_cave_pods, overflow_temple_1_default, temple_green,
          minmay_mini_ossuary
D:6:      layout_loops_ring, gammafunk_temple_overflow_pools
D:7:      layout_cave_pods, kennysheep_little_box, fedhas_altar_fruit_tree,
          uniq_pikel, uniq_joseph, uniq_crazy_yiuf_cottage
D:8:      layout_rooms, lair_entry_dummy, uniq_harold
Temple:   minmay_temple_curvy_branch

Skill      XL: |  1  2  3  4  5  6  7  8  9 |
---------------+----------------------------+-----
Conjurations   | 2 3 4 6 8 |  8.3
Spellcasting   | 3 4 6 7 |  7.9
Fire Magic     | 4 5 7 8 |  8.8
Dodging        | |  1.5
Stealth        | |  3.0

Action                   |  1- 3 |  4- 6 |  7- 9 | 10-12 || total
-------------------------+-------+-------+-------+-------++-------
Melee: Unarmed           |    10 |    15 |       |       ||    25
       Hand axe          |       |    55 |   222 |    18 ||   295
       Flail             |       |     3 |       |       ||     3
 Cast: Flame Tongue      |    38 |    87 |   101 |    11 ||   237
       Sticky Flame      |       |     3 |    32 |    10 ||    45
       Fireball          |       |       |     5 |       ||     5
 Abil: Spit Poison       |    21 |    29 |    17 |     2 ||    69
Evoke: Wand              |       |       |     4 |       ||     4
  Use: Scroll            |       |       |     1 |       ||     1
       Potion            |       |       |       |     4 ||     4
 Stab: Sleeping          |       |       |     1 |       ||     1
       Paralysed         |       |       |     6 |       ||     6
  Eat: Chunk             |       |    10 |    18 |     2 ||    30
       Ration            |       |       |     1 |       ||     1
Armor: Robe              |     6 |    50 |   140 |    11 ||   207
       Skin              |       |       |       |    15 ||    15
Dodge: Dodged            |    20 |   105 |   225 |    25 ||   375

Table legend:
 A = Non-vault XP
 B = Vault XP
 C = Vault XP percentage of total XP
 D = Non-vault monster count
 E = Vault monster count
 F = Vault count percentage of total count
                 A         B        C        D         E       F
            +---------+---------+-------+---------+---------+-------
      Total |    3733 |    1681 |  31.0 |     187 |      83 |  30.7
            +---------+---------+-------+---------+---------+-------
        D:1 |      46 |       0 |   0.0 |      24 |       0 |   0.0
        D:2 |     158 |      39 |  19.8 |      30 |       3 |   9.1
        D:3 |     311 |      62 |  16.6 |      42 |      20 |  32.3
        D:4 |     555 |     466 |  45.6 |      27 |      52 |  65.8
        D:5 |     416 |      22 |   5.0 |      13 |       5 |  27.8
        D:6 |    1034 |       0 |   0.0 |      26 |       0 |   0.0
        D:7 |     729 |    1092 |  60.0 |      17 |       3 |  15.0
        D:8 |     484 |       0 |   0.0 |       8 |       0 |   0.0
            +---------+---------+-------+---------+---------+-------
